| TOP OF THE 1ST |
|
Los Angeles Dodgers batting - Pitching for Philadelphia Phillies : RHP Bill Singer
|
|
Pitching: RHP Bill Singer
|
|
|
Batting: RHB Billy Sample
|
0-0: Ground out 6-3 (Groundball, 56, EV 82.5 MPH)
|
|
Batting: RHB Carney Lansford
|
0-0: Foul Ball, location: 2F 0-1: Ground out 6-3 (Groundball, 6, EV 88.1 MPH)
|
|
Batting: RHB Jerry Keller
|
0-0: Called Strike 0-1: Ball 1-1: Called Strike 1-2: SINGLE (Line Drive, 7S, EV 90.0 MPH)
|
|
Batting: RHB Dick Davis
|
0-0: Swinging Strike 0-1: Swinging Strike 0-2: Strikes out swinging
|
| Top of the 1st over - 0 runs, 1 hit, 0 errors, 1 left on base; Los Angeles 0 - Philadelphia 0 |
| BOTTOM OF THE 1ST |
|
Philadelphia Phillies batting - Pitching for Los Angeles Dodgers : RHP Rick Rhoden
|
|
Pitching: RHP Rick Rhoden
|
|
|
Batting: RHB Paul Molitor
|
0-0: Foul Ball, location: 2F 0-1: Called Strike 0-2: Strikes out swinging
|
|
Batting: RHB Andy Ramirez
|
0-0: Ground out 6-3 (Groundball, 6, EV 99.4 MPH)
|
|
Batting: LHB Tony Gwynn
|
0-0: Ball 1-0: SINGLE (Line Drive, 34D, EV 95.0 MPH)
|
|
Batting: RHB Candy Maldonado
|
0-0: Ball 1-0: Called Strike 1-1: Ball 2-1: Foul Ball, location: 2F 2-2: Ball 3-2: Foul Ball, location: 2F 3-2: Strikes out swinging
|
| Bottom of the 1st over - 0 runs, 1 hit, 0 errors, 1 left on base; Los Angeles 0 - Philadelphia 0 |
| TOP OF THE 2ND |
|
Los Angeles Dodgers batting - Pitching for Philadelphia Phillies : RHP Bill Singer
|
|
Batting: LHB Ronald Jackson
|
0-0: Called Strike 0-1: Foul Ball, location: 2F 0-2: Foul Ball, location: 2F 0-2: Foul Ball, location: 2F 0-2: Ball 1-2: Ball 2-2: Ball 3-2: Base on Balls
|
|
Batting: LHB Darren Daulton
|
0-0: Called Strike Ronald Jackson steals 2nd base 0-1: Foul Ball, location: 2F 0-2: Ball 1-2: Ball 2-2: Foul Ball, location: 2F 2-2: Foul Ball, location: 2F 2-2: SINGLE (Line Drive, 5D, EV 95.0 MPH) Ronald Jackson to third Runner from 3rd tries for Home, SAFE, throw by LF to home
|
|
Batting: RHB Toby Harrah
|
0-0: Ball 1-0: Foul Ball, location: 2F 1-1: Called Strike 1-2: Foul Ball, location: 2F 1-2: Grounds into double play, 5-4-3 (Groundball, 5, EV 80.0 MPH)
|
|
Batting: SHB Spike Owen
|
0-0: Foul Ball, location: 2F 0-1: Ball 1-1: Swinging Strike 1-2: Strikes out swinging
|
| Top of the 2nd over - 1 run, 1 hit, 0 errors, 0 left on base; Los Angeles 1 - Philadelphia 0 |
| BOTTOM OF THE 2ND |
|
Philadelphia Phillies batting - Pitching for Los Angeles Dodgers : RHP Rick Rhoden
|
|
Batting: LHB Ken Phelps
|
0-0: Foul Ball, location: 2F 0-1: Fly out, F8 (Flyball, 8LXD, EV 98.1 MPH)
|
|
Batting: RHB Andre Dawson
|
0-0: Ball 1-0: Ball 2-0: Called Strike 2-1: Called Strike 2-2: Strikes out swinging
|
|
Batting: LHB Lou Whitaker
|
0-0: Ground out 4-3 (Groundball, 4, EV 78.8 MPH)
|
| Bottom of the 2nd over - 0 runs, 0 hits, 0 errors, 0 left on base; Los Angeles 1 - Philadelphia 0 |
| TOP OF THE 3RD |
|
Los Angeles Dodgers batting - Pitching for Philadelphia Phillies : RHP Bill Singer
|
|
Batting: RHB Rick Rhoden
|
0-0: Foul Ball, location: 2F 0-1: Ball 1-1: Fly out, F9 (Flyball, 9S, EV 89.4 MPH)
|
|
Batting: RHB Billy Sample
|
0-0: Called Strike 0-1: Swinging Strike 0-2: Ball 1-2: Strikes out swinging
|
|
Batting: RHB Carney Lansford
|
0-0: Ground out 4-3 (Groundball, 4D, EV 104.4 MPH)
|
| Top of the 3rd over - 0 runs, 0 hits, 0 errors, 0 left on base; Los Angeles 1 - Philadelphia 0 |
| BOTTOM OF THE 3RD |
|
Philadelphia Phillies batting - Pitching for Los Angeles Dodgers : RHP Rick Rhoden
|
|
Batting: RHB Jody Davis
|
0-0: Ball 1-0: Called Strike 1-1: Ball 2-1: Foul Ball, location: 2F 2-2: Ball 3-2: Foul Ball, location: 2F 3-2: Ground out 4-3 (Groundball, 4D, EV 105.6 MPH)
|
|
Batting: RHB Bill Singer
|
0-0: Ball 1-0: Foul Ball, location: 2F 1-1: Ball 2-1: Fly out, F7 (Flyball, 78M, EV 91.3 MPH)
|
|
Batting: RHB Paul Molitor
|
0-0: Ball 1-0: SINGLE (Groundball, 6MD, EV 104.4 MPH)
|
|
Batting: RHB Andy Ramirez
|
0-0: Ball 1-0: Called Strike 1-1: Fly out, F6 (Flyball, 56D, EV 82.5 MPH)
|
| Bottom of the 3rd over - 0 runs, 1 hit, 0 errors, 1 left on base; Los Angeles 1 - Philadelphia 0 |
| TOP OF THE 4TH |
|
Los Angeles Dodgers batting - Pitching for Philadelphia Phillies : RHP Bill Singer
|
|
Batting: RHB Jerry Keller
|
0-0: Ball 1-0: Swinging Strike 1-1: Ball 2-1: Ball 3-1: Swinging Strike 3-2: Base on Balls
|
|
Batting: RHB Dick Davis
|
0-0: Ground out 5-3 (Groundball, 56S, EV 73.8 MPH) Jerry Keller to second
|
|
Batting: LHB Ronald Jackson
|
0-0: Ball 1-0: Foul Ball, location: 2F 1-1: Swinging Strike 1-2: Strikes out swinging
|
|
Batting: LHB Darren Daulton
|
0-0: Ball 1-0: Ball 2-0: Ball 3-0: Called Strike 3-1: Called Strike 3-2: Fly out, F7 (Flyball, 78XD, EV 102.5 MPH)
|
| Top of the 4th over - 0 runs, 0 hits, 0 errors, 1 left on base; Los Angeles 1 - Philadelphia 0 |
| BOTTOM OF THE 4TH |
|
Philadelphia Phillies batting - Pitching for Los Angeles Dodgers : RHP Rick Rhoden
|
|
Batting: LHB Tony Gwynn
|
0-0: SINGLE (Line Drive, 78M, EV 103.1 MPH)
|
|
Batting: RHB Candy Maldonado
|
0-0: Ball 1-0: Fly out, F9 (Flyball, 89M, EV 85.0 MPH)
|
|
Batting: LHB Ken Phelps
|
0-0: Ball Tony Gwynn steals 2nd base (no throw) 1-0: Ball 2-0: Ground out 4-3 (Groundball, 4, EV 86.3 MPH) Tony Gwynn to third
|
|
Batting: RHB Andre Dawson
|
0-0: Called Strike 0-1: Ball 1-1: SINGLE (Groundball, 25, EV 65.0 MPH) (infield hit) Tony Gwynn scores
|
|
Batting: LHB Lou Whitaker
|
0-0: Ball 1-0: Called Strike 1-1: SINGLE (Flyball, 8LS, EV 97.5 MPH) Andre Dawson to second Runner from 2nd tries for 3rd, SAFE, no throw by CF
|
|
Batting: RHB Jody Davis
|
0-0: Ball 1-0: Ball 2-0: Ground out 1-3 (Groundball, P, EV 61.3 MPH)
|
| Bottom of the 4th over - 1 run, 3 hits, 0 errors, 2 left on base; Los Angeles 1 - Philadelphia 1 |
| TOP OF THE 5TH |
|
Los Angeles Dodgers batting - Pitching for Philadelphia Phillies : RHP Bill Singer
|
|
Batting: RHB Toby Harrah
|
0-0: Ball 1-0: Swinging Strike 1-1: Ball 2-1: Ball 3-1: Base on Balls
|
|
Batting: SHB Spike Owen
|
0-0: Ball 1-0: Foul Ball, location: 2F 1-1: Ball 2-1: Swinging Strike 2-2: Ball 3-2: Fly out, F9 (Flyball, 9S, EV 89.4 MPH)
|
|
Batting: RHB Rick Rhoden
|
0-0: Called Strike 0-1: Bunted foul 0-2: Ball 1-2: Bunted foul, Strikeout!
|
|
Batting: RHB Billy Sample
|
0-0: Called Strike 0-1: Ball Toby Harrah steals 2nd base 1-1: Foul Ball, location: 2F 1-2: 2-RUN HOME RUN (Flyball, 7D, EV 105.0 MPH), Distance : 389 ft
|
|
Batting: RHB Carney Lansford
|
0-0: Called Strike 0-1: Foul Ball, location: 2F 0-2: Foul Ball, location: 2F 0-2: Ground out 6-3 (Groundball, 6, EV 90.0 MPH)
|
| Top of the 5th over - 2 runs, 1 hit, 0 errors, 0 left on base; Los Angeles 3 - Philadelphia 1 |
| BOTTOM OF THE 5TH |
|
Philadelphia Phillies batting - Pitching for Los Angeles Dodgers : RHP Rick Rhoden
|
|
Batting: RHB Bill Singer
|
0-0: Swinging Strike 0-1: Called Strike 0-2: Ball 1-2: Strikes out swinging
|
|
Batting: RHB Paul Molitor
|
0-0: Ball 1-0: Called Strike 1-1: Called Strike 1-2: SINGLE (Groundball, 4MD, EV 101.9 MPH)
|
|
Batting: RHB Andy Ramirez
|
0-0: Ball Wild Pitch! Paul Molitor to second 1-0: Foul Ball, location: 2F 1-1: Ball Paul Molitor steals 3rd base 2-1: Ball 3-1: Swinging Strike 3-2: Foul Ball, location: 2F 3-2: Foul Ball, location: 2F 3-2: Strikes out swinging
|
|
Batting: LHB Tony Gwynn
|
0-0: Called Strike 0-1: Fly out, F7 (Line Drive, 7S, EV 95.0 MPH)
|
| Bottom of the 5th over - 0 runs, 1 hit, 0 errors, 1 left on base; Los Angeles 3 - Philadelphia 1 |
| TOP OF THE 6TH |
|
Los Angeles Dodgers batting - Pitching for Philadelphia Phillies : RHP Bill Singer
|
|
Batting: RHB Jerry Keller
|
0-0: SOLO HOME RUN (Line Drive, 7D, EV 103.8 MPH), Distance : 394 ft
|
|
Batting: RHB Dick Davis
|
0-0: Called Strike 0-1: Ball 1-1: Ball 2-1: SOLO HOME RUN (Flyball, 7LD, EV 88.8 MPH), Distance : 399 ft
|
|
Pitching: LHP Lawrence Burgess
|
|
|
Batting: LHB Ronald Jackson
|
0-0: Ball 1-0: Called Strike 1-1: Ball 2-1: Foul Ball, location: 2F 2-2: Ball 3-2: Foul Ball, location: 2F 3-2: Base on Balls
|
|
Batting: LHB Darren Daulton
|
0-0: Ball 1-0: Called Strike 1-1: Swinging Strike 1-2: Strikes out swinging
|
|
Batting: RHB Toby Harrah
|
0-0: Called Strike 0-1: Ball Wild Pitch! Ronald Jackson to second 1-1: Called Strike 1-2: Foul Ball, location: 2F 1-2: Ball 2-2: Strikes out swinging
|
|
Batting: SHB Spike Owen
|
0-0: Intentional Walk
|
|
Batting: RHB Rick Rhoden
|
0-0: Ball 1-0: Swinging Strike 1-1: Foul Ball, location: 2F 1-2: Strikes out swinging
|
| Top of the 6th over - 2 runs, 2 hits, 0 errors, 2 left on base; Los Angeles 5 - Philadelphia 1 |
| BOTTOM OF THE 6TH |
|
Philadelphia Phillies batting - Pitching for Los Angeles Dodgers : RHP Rick Rhoden
|
|
Batting: RHB Candy Maldonado
|
0-0: Ball 1-0: Fly out, F6 (Flyball, 6D, EV 81.9 MPH)
|
|
Batting: LHB Ken Phelps
|
0-0: Called Strike 0-1: Called Strike 0-2: Strikes out swinging
|
|
Batting: RHB Andre Dawson
|
0-0: Hit by Pitch
|
|
Batting: LHB Lou Whitaker
|
0-0: Foul Ball, location: 2F 0-1: Ball 1-1: Foul Ball, location: 2F 1-2: Foul Ball, location: 2F 1-2: Ground out 6-3 (Groundball, 6M, EV 82.5 MPH)
|
| Bottom of the 6th over - 0 runs, 0 hits, 0 errors, 1 left on base; Los Angeles 5 - Philadelphia 1 |
| TOP OF THE 7TH |
|
Los Angeles Dodgers batting - Pitching for Philadelphia Phillies : LHP Lawrence Burgess
|
|
Batting: RHB Billy Sample
|
0-0: Ball 1-0: Foul Ball, location: 2F 1-1: Foul Ball, location: 2F 1-2: SINGLE (Line Drive, 89S, EV 90.6 MPH)
|
|
Pitching: LHP Michael Morrison
|
|
|
Batting: RHB Carney Lansford
|
0-0: Ball Billy Sample steals 2nd base (no throw) 1-0: Fly out, F8 (Flyball, 8LM, EV 95.6 MPH)
|
|
Batting: RHB Jerry Keller
|
0-0: Called Strike 0-1: Ball 1-1: Foul Ball, location: 2F 1-2: Ground out 6-3 (Groundball, 6M, EV 86.9 MPH) Billy Sample to third
|
|
Batting: RHB Dick Davis
|
0-0: Swinging Strike 0-1: Foul Ball, location: 2F 0-2: Strikes out looking
|
| Top of the 7th over - 0 runs, 1 hit, 0 errors, 1 left on base; Los Angeles 5 - Philadelphia 1 |
| BOTTOM OF THE 7TH |
|
Philadelphia Phillies batting - Pitching for Los Angeles Dodgers : RHP Rick Rhoden
|
|
Batting: RHB Jody Davis
|
0-0: Foul Ball, location: 2F 0-1: Ball 1-1: Ball 2-1: Foul Ball, location: 2F 2-2: Ball 3-2: Ground out 5-3 (Groundball, 5S, EV 79.4 MPH)
|
|
Pinch Hitting: LHB Andy Guerrero
|
0-0: Ball 1-0: Called Strike 1-1: Swinging Strike 1-2: Foul Ball, location: 2F 1-2: Strikes out swinging
|
|
Batting: RHB Paul Molitor
|
0-0: Ball 1-0: Fly out, F3 (Popup, 23F, EV 90.6 MPH)
|
| Bottom of the 7th over - 0 runs, 0 hits, 0 errors, 0 left on base; Los Angeles 5 - Philadelphia 1 |
| TOP OF THE 8TH |
|
Los Angeles Dodgers batting - Pitching for Philadelphia Phillies : LHP Michael Morrison
|
|
Pitching: LHP Christopher Mayo
|
|
|
Batting: LHB Ronald Jackson
|
0-0: DOUBLE (Flyball, 8LXD, EV 108.1 MPH)
|
|
Batting: LHB Darren Daulton
|
0-0: Ball 1-0: Foul Ball, location: 2F 1-1: Ball 2-1: Swinging Strike 2-2: Strikes out looking
|
|
Batting: RHB Toby Harrah
|
0-0: Ball Ronald Jackson steals 3rd base 1-0: Foul Ball, location: 2F 1-1: Ball 2-1: Foul Ball, location: 2F 2-2: Foul Ball, location: 2F 2-2: Strikes out swinging
|
|
Batting: SHB Spike Owen
|
0-0: SINGLE (Line Drive, 8RS, EV 96.9 MPH) Ronald Jackson scores
|
|
Batting: RHB Rick Rhoden
|
0-0: Called Strike 0-1: Reached on error, E4 (Groundball, 4, EV 106.9 MPH) Spike Owen to second
|
|
Batting: RHB Billy Sample
|
0-0: Ball 1-0: Ball 2-0: SINGLE (Groundball, 6S, EV 68.1 MPH) (infield hit) Spike Owen to third Rick Rhoden to second
|
|
Batting: RHB Carney Lansford
|
0-0: Ball 1-0: Swinging Strike 1-1: Ball 2-1: Ball 3-1: SINGLE (Groundball, 56D, EV 101.9 MPH) Spike Owen scores Rick Rhoden to third Billy Sample to second Runner from 3rd tries for Home, SAFE, throw by LF to home
|
|
Batting: RHB Jerry Keller
|
0-0: Ball 1-0: Foul Ball, location: 2F 1-1: Swinging Strike 1-2: Foul Ball, location: 2F 1-2: Ball 2-2: Foul Ball, location: 2F 2-2: Ball 3-2: Fly out, F9 (Flyball, 9LM, EV 90.6 MPH)
|
| Top of the 8th over - 3 runs, 4 hits, 1 error, 2 left on base; Los Angeles 8 - Philadelphia 1 |
| BOTTOM OF THE 8TH |
|
Philadelphia Phillies batting - Pitching for Los Angeles Dodgers : RHP Rick Rhoden
|
|
Batting: RHB Andy Ramirez
|
0-0: SOLO HOME RUN (Line Drive, 78XD, EV 105.0 MPH), Distance : 436 ft
|
|
Batting: LHB Tony Gwynn
|
0-0: Ball 1-0: Ball 2-0: Called Strike 2-1: Foul Ball, location: 2F 2-2: Hit by Pitch
|
|
Batting: RHB Candy Maldonado
|
0-0: DOUBLE (Line Drive, 7LD, EV 110.6 MPH) Tony Gwynn to third
|
|
Batting: LHB Ken Phelps
|
0-0: Ball 1-0: Fly out, F6 (Popup, 6, EV 66.3 MPH)
|
|
Batting: RHB Andre Dawson
|
0-0: Swinging Strike 0-1: Fly out, F9 (Flyball, 9D, EV 98.8 MPH) Runner from 3rd tags up, SCORES, no throw by RF Candy Maldonado to third
|
|
Batting: LHB Lou Whitaker
|
0-0: Fly out, F9 (Flyball, 9LD, EV 95.0 MPH)
|
| Bottom of the 8th over - 2 runs, 2 hits, 0 errors, 1 left on base; Los Angeles 8 - Philadelphia 3 |
| TOP OF THE 9TH |
|
Los Angeles Dodgers batting - Pitching for Philadelphia Phillies : LHP Christopher Mayo
|
|
Batting: RHB Dick Davis
|
0-0: Ball 1-0: Swinging Strike 1-1: Swinging Strike 1-2: Strikes out swinging
|
|
Batting: LHB Ronald Jackson
|
0-0: Called Strike 0-1: Ball 1-1: Called Strike 1-2: Strikes out looking
|
|
Batting: LHB Darren Daulton
|
0-0: Called Strike 0-1: Ball 1-1: Swinging Strike 1-2: Foul Ball, location: 2F 1-2: Ball 2-2: Foul Ball, location: 2F 2-2: Ground out 5-3 (Groundball, 5, EV 91.9 MPH)
|
| Top of the 9th over - 0 runs, 0 hits, 0 errors, 0 left on base; Los Angeles 8 - Philadelphia 3 |
| BOTTOM OF THE 9TH |
|
Philadelphia Phillies batting - Pitching for Los Angeles Dodgers : RHP Rick Rhoden
|
|
Batting: RHB Jody Davis
|
0-0: Called Strike 0-1: Fly out, F7 (Flyball, 7D, EV 80.6 MPH)
|
|
Pinch Hitting: LHB Terry Bogener
|
0-0: Called Strike 0-1: Fly out, F8 (Flyball, 89D, EV 79.4 MPH)
|
|
Batting: RHB Paul Molitor
|
0-0: Ball 1-0: Swinging Strike 1-1: Ball 2-1: Foul Ball, location: 2F 2-2: Strikes out swinging
|
| Bottom of the 9th over - 0 runs, 0 hits, 0 errors, 0 left on base; Los Angeles 8 - Philadelphia 3 |
|